 Dungeon Crawl Stone Soup version 0.32-a0-314-g526f7d4993 (webtiles) character file.

Game seed: 16629604966802945666

809 PriceMaster the Thaumaturge (level 7, -1/32 HPs)
             Began as a Spriggan Conjurer on Feb 15, 2024.
             Slain by an iguana (8 damage)
             ... on level 5 of the Dungeon.
             The game lasted 00:07:28 (4082 turns).

PriceMaster the Thaumaturge (Spriggan Conjurer)     Turns: 4082, Time: 00:07:28

Health: -1/32      AC:  2    Str:  5    XL:     7   Next: 61%
Magic:  2/28       EV: 17    Int: 20    God:
Gold:   297        SH:  0    Dex: 13    Spells: 16/22 levels left

rFire   . . .        b - +2 dagger (protect)
rCold   + . .        i - orb {mayhem}
rNeg    . . .        a - +0 robe
rPois   .            (helmet restricted)
rElec   .            (no cloak)
rCorr   .            (gloves unavailable)
SInv    +            (boots unavailable)
Will    ++...        (no amulet)
Stlth   ++           e - ring of magical power
HPRegen 0.25/turn    r - ring of protection from cold
MPRegen 0.21/turn

%: mayhem
@: enlightened, flying, very quick
A: very small, no large weapons, unfitting armour, see invisible, speed 3
a: no special abilities


You were on level 5 of the Dungeon.
You visited 1 branch of the dungeon, and saw 5 of its levels.

You collected 297 gold pieces.

Inventory:

Hand Weapons
 b - a +2 dagger of protection (weapon)
Armour
 a - a +0 robe (worn)
 i - an orb of mayhem (worn)
Jewellery
 e - a ring of magical power (left hand)
 r - a ring of protection from cold (right hand)
Scrolls
 c - a scroll of amnesia {unknown}
 d - a scroll of blinking {unknown}
 f - 2 scrolls of brand weapon {unknown}
 k - a scroll of revelation {unknown}
 l - 3 scrolls of identify {unknown}
 m - a scroll of immolation {unknown}
 n - a scroll of fear
 o - a scroll of teleportation {unknown}
Potions
 g - a potion of degeneration {unknown}
 h - a potion of enlightenment
 j - 2 potions of lignification {unknown}
 p - a potion of heal wounds {unknown}
 q - a potion of curing {unknown}


   Skills:
 + Level 0.3 Fighting
 + Level 2.4 Short Blades
 + Level 3.8 Dodging
 + Level 4.0 Stealth
 * Level 8.2 Spellcasting
 + Level 4.1 Conjurations
 + Level 0.7 Air Magic
 + Level 0.8 Alchemy


You had 16 spell levels left.
You knew the following spells:

 Your Spells              Type           Power      Damage    Failure   Level
a - Magic Dart            Conj           96%        1d7       1%          1
b - Searing Ray           Conj           48%        2d6       2%          2
c - Mephitic Cloud        Conj/Alch/Air  15%        N/A       12%         3

Your spell library contained the following spells:

 Spells                   Type           Power      Damage    Failure   Level
 Mercury Vapours          Alch/Air       22%        N/A       10%         2
 Fulminant Prism          Conj/Alch      9%         3d7       30%         4
 Iskenderun's Mystic Bla  Conj/Tloc      16%        2d5       34%         4
 Freezing Cloud           Conj/Ice/Air   7%         6-21      75%         5


Dungeon Overview and Level Annotations

Branches:
Dungeon (5/15)             Temple (0/1) D:5

Altars:
Uskayaw

Shops:
D:3 (   D:4 *


Innate Abilities, Weirdness & Mutations

You are very small and have problems with some larger weapons.
You are too small for most types of armour.
You have supernaturally acute eyesight. (SInv)
You cover ground extremely quickly. (Speed+++)


Message History

You finish channelling your searing ray.
The ice beast completely misses you.
You are out of magic!
An iguana comes into view.
The magic dart hits the ice beast.
The ice beast is almost dead.
The iguana hisses angrily.
The magic dart hits the iguana but does no damage.
Casting: Magic Dart (safe; 1% risk of failure)
Confirm with . or Enter, or press ? or * to list all spells.
You don't have enough magic to cast this spell.
The iguana attacks as it pursues you! The iguana bites you!
Found 12 gold pieces.
The ice beast attacks as it pursues you!
The ice beast misses you.
Casting: Magic Dart (safe; 1% risk of failure)
Confirm with . or Enter, or press ? or * to list all spells.
Aiming: Magic Dart (safe; 1% risk of failure)
Press: ? - help, Shift-Dir - straight line, f/p - iguana
Aim: an iguana (100% to hit)
The magic dart hits the iguana but does no damage.
The ice beast hits you. The ice beast freezes you. You resist.
Casting: Magic Dart (safe; 1% risk of failure)
Confirm with . or Enter, or press ? or * to list all spells.
Aiming: Magic Dart (safe; 1% risk of failure)
Press: ? - help, Shift-Dir - straight line, f - ice beast, p - iguana
Aim: an ice beast (almost dead, 100% to hit)
The magic dart hits the ice beast!
You kill the ice beast!
The iguana flies into a frenzy!
Your Stealth skill increases to level 4!
Your Spellcasting skill increases to level 8!
The iguana attacks as it pursues you! The iguana barely misses you.
It was a potion of enlightenment.
You feel very buoyant.
You fly up into the air.
The iguana barely misses you. The iguana attacks as it pursues you!
The iguana bites you!
* * * LOW HITPOINT WARNING * * *
The iguana attacks as it pursues you! The iguana bites you!
You die...

............# #
..........####.## ####
...#......##....###...#
..........#.....#.....#
............>.... ....#
......#.....<...##....#
......#....#.#.......#
......#....#.#....###
...............l@...#
...........#........#
...........#..#..#..#
.#.##.##.........#.##
##.#§.≈#......##....
..##§##.........#.##
#.##§>≈#.##<....(### #.
#§##....#..#.# ..
≈§§###..#.#.##


You could see a neutral iguana (fast, strong, frenzied).

Vanquished Creatures
  2 ice beasts
  An ogre (D:5)
  A phantom (D:5)
  A scorpion (D:3)
  A bombardier beetle (D:4)
  3 hounds
  An iguana (D:4)
  Natasha (thrice) (D:3)
  4 adders
  A dart slug (D:1)
  5 ribbon worms
  5 orcs (D:3)
  5 ball pythons
  10 bats
  3 endoplasms
  4 giant cockroaches
  4 hobgoblins
  2 jackals (D:2)
  4 quokkas
  6 frilled lizards
  7 goblins
  6 kobolds
  3 rats
82 creatures vanquished.

Notes
Turn   | Place    | Note
-------+----------+-------------------------------------------
     0 | D:1      | PriceMaster the Spriggan Conjurer began the quest for the
                  | Orb.
     0 | D:1      | Reached XP level 1. HP: 9/9 MP: 5/5
   409 | D:1      | Reached skill level 3 in Spellcasting
   409 | D:1      | Reached XP level 2. HP: 13/13 MP: 7/7
  1131 | D:1      | Learned a level 2 spell: Searing Ray
  1187 | D:2      | Reached XP level 3. HP: 15/16 MP: 8/8
  1362 | D:2      | Learned a level 3 spell: Mephitic Cloud
  1375 | D:2      | Reached skill level 1 in Short Blades
  1673 | D:2      | Reached XP level 4. HP: 21/21 MP: 10/10
  1884 | D:2      | Reached skill level 4 in Spellcasting
  1974 | D:3      | Found Kynehud's Weapon Shop.
  2144 | D:3      | Noticed a scorpion
  2361 | D:3      | Noticed Natasha
  2368 | D:3      | Killed Natasha
  2369 | D:3      | Reached XP level 5. HP: 24/24 MP: 13/13
  2423 | D:3      | Found a faded altar of an unknown god.
  2513 | D:3      | Noticed an ice beast
  2538 | D:3      | Killed an ice beast
  2539 | D:3      | Reached skill level 5 in Spellcasting
  2711 | D:3      | Reached XP level 6. HP: 28/28 MP: 11/15
  2807 | D:3      | Noticed Natasha
  2816 | D:3      | Killed Natasha
  2817 | D:3      | Reached skill level 6 in Spellcasting
  2838 | D:3      | Noticed Natasha
  2844 | D:3      | Killed Natasha
  3117 | D:3      | Found a hide-covered altar of Uskayaw.
  3422 | D:4      | Reached skill level 7 in Spellcasting
  3556 | D:4      | Found Jiwita's Assorted Antiques.
  3908 | D:5      | Entered Level 5 of the Dungeon
  3914 | D:5      | Reached XP level 7. HP: 26/32 MP: 18/18
  3949 | D:5      | Found a staircase to the Ecumenical Temple.
  4076 | D:5      | Reached skill level 8 in Spellcasting
  4082 | D:5      | Slain by an iguana

Illustrated notes

Levels and vault maps discovered:
D:1:      elethiomel_arrival_quiet, layout_loops_corners
D:2:      layout_rooms
D:3:      layout_rooms, nicolae_uskayaw_dance_hall,
          dreamdust_ecumenical_altar_angels_and_demons, serial_shops, shop,
          nicolae_concentric_dashed_squares_wild, roderic_batcave, uniq_natasha
D:4:      layout_basic, serial_shops, kennysheep_mini
D:5:      layout_cave_pools, minmay_temple_entry_metal_lava,
          pf_guarded_unrand_delatra, uniq_edmund

Skill      XL: |  1  2  3  4  5  6  7 |
---------------+----------------------+-----
Conjurations   | 3 4 |  4.1
Spellcasting   | 3 4 5 7 8 |  8.2
Dodging        | 3 |  3.8
Short Blades   | 1 2 |  2.4
Stealth        | 4 |  4.0
Fighting       | |  0.3
Air Magic      | |  0.7
Alchemy        | |  0.8

Action                     |  1- 3 |  4- 6 |  7- 9 || total
---------------------------+-------+-------+-------++-------
  Melee: Dagger            |    79 |    27 |     5 ||   111
         Unarmed           |     3 |       |       ||     3
   Cast: Magic Dart        |    36 |    93 |    22 ||   151
         Searing Ray       |     6 |    21 |     3 ||    30
         Mephitic Cloud    |     2 |     6 |     2 ||    10
    Use: Potion            |     2 |       |     1 ||     3
         Scroll            |       |     1 |       ||     1
 Armour: Robe              |    25 |    10 |     7 ||    42
  Dodge: Dodged            |    81 |    34 |     9 ||   124

Table legend: (Time is in decaauts)
 A = Elapsed time spent in this place.
 B = Non-inter-level travel time spent in this place.
 C = Inter-level travel time spent in this place.
 D = Time resting spent in this place.
 E = Time spent auto-exploring this place.
 F = Levels seen in this place.
 G = Mean time per level.
                   A        B        C        D        E       F      G
               +--------+--------+--------+--------+--------+-----+--------+
         Total |   3119 |   3055 |     64 |     67 |   2410 |   5 |  623.8 |
       Dungeon |   3119 |   3055 |     64 |     67 |   2410 |   5 |  623.8 |
               +--------+--------+--------+--------+--------+-----+--------+

Top non-repeatable levels by time:
     D:3: 1009 daAuts
     D:1: 794 daAuts
     D:2: 645 daAuts
     D:4: 523 daAuts
     D:5: 147 daAuts
